Description

A build HeRoMaRinE did in the most recent WCS Summer. Can be very strong and are a good variation to the classical BC rush builds.

VOD

https://www.youtube.com/watch?v=1lm_cxm2W7Q

Replay - HeRoMaRinE v SortOf: Game 1 - New Repugnancy LE

Build Order

Get SALT Encoding   

  12  0:00  SCV  
  13  0:12  SCV  
  14  0:17  Supply Depot  
  14  0:24  SCV  
  15  0:28  Refinery  
  15  0:38  SCV  
  16  0:44  Barracks  
  16  0:50  SCV  
  17  1:03  SCV  
  18  1:15  SCV  
  19  1:31  Reaper, Orbital Command  
  20  1:43  Command Center  
  20  1:53  Factory  
  20  1:58  SCV  
  21  2:06  Barracks Reactor  
  21  2:10  SCV  
  21  2:14  Supply Depot  
  22  2:19  Refinery  
  22  2:22  SCV  
  24  2:44  Starport  
  24  2:47  Hellion x2  
  29  2:56  Orbital Command  
  30  3:08  Hellion x2  
  35  3:14  Marine  
  38  3:27  Fusion Core  
  38  3:39  Supply Depot  
  40  3:43  Starport Tech Lab  
  42  4:01  Supply Depot  
  44  4:14  Battlecruiser  
  44  4:15  Hellion x2  
  44  4:17  Barracks Tech Lab  
  56  4:25  Supply Depot  
  56  4:36  Marine  
  56  4:37  Stimpack  
  56  4:38  Refinery  
  59  4:39  Barracks x2  
  59  4:47  Factory Reactor  
  59  4:52  Engineering Bay  
  61  4:54  Marine  
  64  5:12  Marine  
  67  5:17  Refinery  
  67  5:19  Terran Infantry Weapons Level 1  
  67  5:28  Starport Reactor  
  69  5:30  Marine  
  72  5:38  Marine x2  
  74  5:47  Marine x3  
  74  5:48  Siege Tank  
  82  6:05  Medivac x2  
  82  6:06  Barracks x2  
  91  6:23  Siege Tank  
  97  6:35  Medivac x2  
  106  6:48  Combat Shield  
  107  6:55  Siege Tank  
  101  7:14  Medivac x2  
  98  7:27  Siege Tank  
  98  7:29  Liberator  
  103  7:31  Terran Infantry Armor Level 1  
Spawning Tool Build Advisor. Get it on Overwolf

Analysis

Both supply and timestamps may not be the same as if macroed perfectly due to game copy.

Go to:

Details

  • Created by: ItsRkaj  
  • Published on: Jul 18, 2019
  • Modified on: Jul 18, 2019
  • Patch: 4.7.1
Show
View Real Time Build Order
Export as new Build Order

Comments (0)

There are no comments. Be the first!

Create an account to comment!